TOP OF THE 1ST |
Nebraska Plainsmen batting - Pitching for York Revolution : RHP Corn Elder
|
Pitching: RHP Corn Elder
|
|
Batting: SHB Allen Pandey
|
0-0: Ball 1-0: Ball 2-0: Called Strike 2-1: Foul Ball, location: 2F 2-2: Ball 3-2: Fly out, F8 (Flyball, 78D)
|
Batting: RHB Phil McCroskey
|
0-0: Fly out, F7 (Flyball, 7LSF)
|
Batting: LHB Gerardo Ponce de Leon
|
0-0: Ball 1-0: Foul Ball, location: 2F 1-1: Ground out 4-3 (Groundball, 4)
|
Top of the 1st over - 0 runs, 0 hits, 0 errors, 0 left on base; Nebraska 0 - York 0 |
BOTTOM OF THE 1ST |
York Revolution batting - Pitching for Nebraska Plainsmen : RHP Liam Thomson
|
Pitching: RHP Liam Thomson
|
|
Batting: LHB Joe Ellison
|
0-0: Ball 1-0: Swinging Strike 1-1: Ball 2-1: Swinging Strike 2-2: Ball 3-2: Strikes out looking
|
Batting: RHB Guy Toussaint
|
0-0: Ground out U3 (Groundball, 3)
|
Batting: RHB Cisco Feijoo
|
0-0: Ball 1-0: Ball 2-0: Called Strike 2-1: Ball 3-1: Base on Balls
|
Batting: RHB Eikki Kankaanperä
|
0-0: Ball Cisco Feijoo is caught stealing 2nd base
|
Bottom of the 1st over - 0 runs, 0 hits, 0 errors, 0 left on base; Nebraska 0 - York 0 |
TOP OF THE 2ND |
Nebraska Plainsmen batting - Pitching for York Revolution : RHP Corn Elder
|
Batting: LHB Dudley Gardner
|
0-0: Foul Ball, location: 2F 0-1: Called Strike 0-2: Ball 1-2: Strikes out looking and he ARGUES THE CALL AND IS TOSSED!
|
Pitching: RHP Bob Devlin
|
|
Batting: RHB Dan Hendricks
|
0-0: Ball 1-0: Ball 2-0: Foul Ball, location: 2F 2-1: Ball 3-1: Fly out, F1 (Line Drive, 15)
|
Batting: LHB Bob Knutson
|
0-0: Foul Ball, location: 2F 0-1: Foul Ball, location: 2F 0-2: Fly out, F7 (Flyball, 7S)
|
Top of the 2nd over - 0 runs, 0 hits, 0 errors, 0 left on base; Nebraska 0 - York 0 |
BOTTOM OF THE 2ND |
York Revolution batting - Pitching for Nebraska Plainsmen : RHP Liam Thomson
|
Now in CF: Troy Ross
|
|
Batting: RHB Eikki Kankaanperä
|
0-0: Foul Ball, location: 2F 0-1: Ball 1-1: Called Strike 1-2: Foul Ball, location: 2F 1-2: Ball 2-2: Strikes out swinging
|
Batting: LHB Gong Mao
|
0-0: Ball 1-0: Foul Ball, location: 2F 1-1: Fly out, F7 (Line Drive, 7)
|
Batting: RHB James Deines
|
0-0: Called Strike 0-1: Swinging Strike 0-2: Ball 1-2: Strikes out swinging
|
Bottom of the 2nd over - 0 runs, 0 hits, 0 errors, 0 left on base; Nebraska 0 - York 0 |
TOP OF THE 3RD |
Nebraska Plainsmen batting - Pitching for York Revolution : RHP Bob Devlin
|
Batting: RHB Shelby Loudenslager
|
0-0: Hit by Pitch
|
Batting: RHB Hamilton Swan
|
0-0: Ball 1-0: SINGLE (Line Drive, 9LS) Shelby Loudenslager to second Runner from 2nd tries for 3rd, SAFE, no throw
|
Batting: SHB Rafael Porfrio
|
0-0: Ball 1-0: Foul Ball, location: 2F 1-1: Called Strike 1-2: Foul Ball, location: 2F 1-2: Ball 2-2: Foul Ball, location: 2F 2-2: Strikes out swinging
|
Batting: SHB Allen Pandey
|
0-0: Called Strike 0-1: Called Strike 0-2: Foul Ball, location: 2F 0-2: SINGLE (Line Drive, 34D) Shelby Loudenslager scores Hamilton Swan to second
|
Batting: RHB Phil McCroskey
|
0-0: Called Strike 0-1: Called Strike 0-2: Strikes out looking
|
Batting: LHB Gerardo Ponce de Leon
|
0-0: Ball 1-0: Ball 2-0: Ball 3-0: Called Strike 3-1: Fly out, F4 (Popup, 34D)
|
Top of the 3rd over - 1 run, 2 hits, 0 errors, 2 left on base; Nebraska 1 - York 0 |
BOTTOM OF THE 3RD |
York Revolution batting - Pitching for Nebraska Plainsmen : RHP Liam Thomson
|
Batting: RHB Mark Patterson
|
0-0: Swinging Strike 0-1: Fly out, F4 (Popup, 3D)
|
Batting: RHB Andy Alderliesten
|
0-0: Ball 1-0: Called Strike 1-1: Foul Ball, location: 2F 1-2: Ball 2-2: Ball 3-2: Base on Balls
|
Batting: RHB Tome Uso
|
0-0: Fly out, F8 (Flyball, 8RD)
|
Batting: LHB Joe Ellison
|
0-0: Called Strike 0-1: Called Strike 0-2: Ball 1-2: Foul Ball, location: 2F 1-2: Ball 2-2: Foul Ball, location: 2F 2-2: Strikes out swinging
|
Bottom of the 3rd over - 0 runs, 0 hits, 0 errors, 1 left on base; Nebraska 1 - York 0 |
TOP OF THE 4TH |
Nebraska Plainsmen batting - Pitching for York Revolution : RHP Bob Devlin
|
Batting: RHB Troy Ross
|
0-0: Swinging Strike 0-1: Foul Ball, location: 2F 0-2: Strikes out swinging
|
Batting: RHB Dan Hendricks
|
0-0: Ball 1-0: Foul Ball, location: 2F 1-1: DOUBLE (Line Drive, 3D)
|
Batting: LHB Bob Knutson
|
0-0: Called Strike 0-1: Foul Ball, location: 2F 0-2: Ball 1-2: Ball 2-2: Strikes out swinging
|
Batting: RHB Shelby Loudenslager
|
0-0: Called Strike 0-1: Swinging Strike 0-2: Fly out, F7 (Flyball, 78M)
|
Top of the 4th over - 0 runs, 1 hit, 0 errors, 1 left on base; Nebraska 1 - York 0 |
BOTTOM OF THE 4TH |
York Revolution batting - Pitching for Nebraska Plainsmen : RHP Liam Thomson
|
Batting: RHB Guy Toussaint
|
0-0: Called Strike 0-1: Ball 1-1: Foul Ball, location: 2F 1-2: Fly out, F4 (Popup, 4S)
|
Batting: RHB Cisco Feijoo
|
0-0: Ball 1-0: SINGLE (Line Drive, 7S)
|
Batting: RHB Eikki Kankaanperä
|
0-0: Ball Cisco Feijoo is caught stealing 2nd base 1-0: Ground out 6-3 (Groundball, 6S)
|
Bottom of the 4th over - 0 runs, 1 hit, 0 errors, 0 left on base; Nebraska 1 - York 0 |
TOP OF THE 5TH |
Nebraska Plainsmen batting - Pitching for York Revolution : RHP Bob Devlin
|
Batting: RHB Hamilton Swan
|
0-0: Called Strike 0-1: Ground out 6-3 (Groundball, 6S)
|
Batting: SHB Rafael Porfrio
|
0-0: Called Strike 0-1: Ball 1-1: Ball 2-1: Swinging Strike 2-2: Ball 3-2: Strikes out looking
|
Batting: SHB Allen Pandey
|
0-0: Ball 1-0: Ball 2-0: Foul Ball, location: 2F 2-1: Ball 3-1: Foul Ball, location: 2F 3-2: SINGLE (Groundball, 6MD)
|
Batting: RHB Phil McCroskey
|
0-0: Ball 1-0: Ball 2-0: Fly out, F9 (Flyball, 9S)
|
Top of the 5th over - 0 runs, 1 hit, 0 errors, 1 left on base; Nebraska 1 - York 0 |
BOTTOM OF THE 5TH |
York Revolution batting - Pitching for Nebraska Plainsmen : RHP Liam Thomson
|
Batting: LHB Gong Mao
|
0-0: Foul Ball, location: 2F 0-1: Swinging Strike 0-2: Strikes out swinging
|
Batting: RHB James Deines
|
0-0: Ball 1-0: Called Strike 1-1: Foul Ball, location: 2F 1-2: Foul Ball, location: 2F 1-2: SINGLE (Groundball, 4D)
|
Batting: RHB Mark Patterson
|
0-0: Ball 1-0: Called Strike 1-1: Fly out, F6 (Popup, 4MD)
|
Batting: RHB Andy Alderliesten
|
0-0: Fly out, F4 (Popup, 4S)
|
Bottom of the 5th over - 0 runs, 1 hit, 0 errors, 1 left on base; Nebraska 1 - York 0 |
TOP OF THE 6TH |
Nebraska Plainsmen batting - Pitching for York Revolution : RHP Bob Devlin
|
Batting: LHB Gerardo Ponce de Leon
|
0-0: Fly out, F9 (Flyball, 9LMF)
|
Batting: RHB Troy Ross
|
0-0: Called Strike 0-1: Ball 1-1: Foul Ball, location: 2F 1-2: Ball 2-2: Ball 3-2: Strikes out looking
|
Batting: RHB Dan Hendricks
|
0-0: Ball 1-0: Ball 2-0: Foul Ball, location: 2F 2-1: Foul Ball, location: 2F 2-2: Foul Ball, location: 2F 2-2: Ball 3-2: Base on Balls
|
Batting: LHB Bob Knutson
|
0-0: Ball 1-0: Ball 2-0: Called Strike 2-1: Foul Ball, location: 2F 2-2: Ball 3-2: Strikes out swinging
|
Top of the 6th over - 0 runs, 0 hits, 0 errors, 1 left on base; Nebraska 1 - York 0 |
BOTTOM OF THE 6TH |
York Revolution batting - Pitching for Nebraska Plainsmen : RHP Liam Thomson
|
Batting: RHB Tome Uso
|
0-0: Ball 1-0: Ball 2-0: Ground out 6-3 (Groundball, 6)
|
Batting: LHB Joe Ellison
|
0-0: Ball 1-0: TRIPLE (Groundball, 3L)
|
Batting: RHB Guy Toussaint
|
0-0: Ball 1-0: Ball 2-0: Foul Ball, location: 2F 2-1: SINGLE (Line Drive, 89M) Joe Ellison scores
|
Batting: RHB Cisco Feijoo
|
0-0: Grounds into double play, 6-4-3 (Groundball, 6)
|
Bottom of the 6th over - 1 run, 2 hits, 0 errors, 0 left on base; Nebraska 1 - York 1 |
TOP OF THE 7TH |
Nebraska Plainsmen batting - Pitching for York Revolution : RHP Bob Devlin
|
Batting: RHB Shelby Loudenslager
|
0-0: Fly out, F7 (Flyball, 7LD)
|
Batting: RHB Hamilton Swan
|
0-0: Called Strike 0-1: Swinging Strike 0-2: Strikes out looking
|
Batting: SHB Rafael Porfrio
|
0-0: Foul Ball, location: 2F 0-1: SINGLE (Groundball, 56D)
|
Batting: SHB Allen Pandey
|
0-0: Called Strike 0-1: SINGLE (Line Drive, 89S) Rafael Porfrio to second Runner from 2nd tries for 3rd, SAFE, no throw
|
Batting: RHB Phil McCroskey
|
0-0: Called Strike 0-1: Called Strike 0-2: Ball 1-2: Ball 2-2: Ball 3-2: Strikes out looking
|
Top of the 7th over - 0 runs, 2 hits, 0 errors, 2 left on base; Nebraska 1 - York 1 |
BOTTOM OF THE 7TH |
York Revolution batting - Pitching for Nebraska Plainsmen : RHP Liam Thomson
|
Batting: RHB Eikki Kankaanperä
|
0-0: Ball 1-0: Ball 2-0: Swinging Strike 2-1: Foul Ball, location: 2F 2-2: Strikes out swinging, 2-3 out at first.
|
Batting: LHB Gong Mao
|
0-0: Called Strike 0-1: Ball 1-1: Called Strike 1-2: Ball 2-2: SINGLE (Groundball, 4MD)
|
Batting: RHB James Deines
|
0-0: Swinging Strike 0-1: Foul Ball, location: 2F 0-2: Ball 1-2: Fly out, F9 (Flyball, 89S)
|
Batting: RHB Mark Patterson
|
0-0: Fielders Choice at 2nd, 6-4 (Groundball, 6)
|
Bottom of the 7th over - 0 runs, 1 hit, 0 errors, 1 left on base; Nebraska 1 - York 1 |
TOP OF THE 8TH |
Nebraska Plainsmen batting - Pitching for York Revolution : RHP Bob Devlin
|
Batting: LHB Gerardo Ponce de Leon
|
0-0: Ball 1-0: SINGLE (Line Drive, 7S)
|
Pinch Hitting: LHB Victor Schuur
|
0-0: Ball 1-0: Foul Ball, location: 2F 1-1: Swinging Strike 1-2: Ball 2-2: Ball 3-2: Strikes out swinging
|
Batting: RHB Dan Hendricks
|
0-0: Ball 1-0: Called Strike 1-1: Called Strike 1-2: Ball 2-2: Strikes out swinging
|
Batting: LHB Bob Knutson
|
0-0: Called Strike 0-1: Called Strike 0-2: Ball 1-2: Strikes out swinging
|
Top of the 8th over - 0 runs, 1 hit, 0 errors, 1 left on base; Nebraska 1 - York 1 |
BOTTOM OF THE 8TH |
York Revolution batting - Pitching for Nebraska Plainsmen : RHP Liam Thomson
|
Now in CF: David Crow
|
|
Pinch Hitting: RHB Pedro Flores
|
0-0: Ball 1-0: Ball 2-0: SINGLE (Flyball, 89S)
|
Batting: RHB Tome Uso
|
0-0: Called Strike 0-1: Grounds into double play, 4-6-3 (Groundball, 4)
|
Batting: LHB Joe Ellison
|
0-0: Called Strike 0-1: SINGLE (Popup, 5D)
|
Batting: RHB Guy Toussaint
|
0-0: Ball 1-0: Foul Ball, location: 2F 1-1: Foul Ball, location: 2F 1-2: Strikes out swinging
|
Bottom of the 8th over - 0 runs, 2 hits, 0 errors, 1 left on base; Nebraska 1 - York 1 |
TOP OF THE 9TH |
Nebraska Plainsmen batting - Pitching for York Revolution : RHP Bob Devlin
|
Now at 3B: Pedro Flores
|
|
Batting: RHB Shelby Loudenslager
|
0-0: Called Strike 0-1: Ball 1-1: Ground out 6-3 (Groundball, 6)
|
Batting: RHB Hamilton Swan
|
0-0: Ball 1-0: Foul Ball, location: 2F 1-1: SOLO HOME RUN (Flyball, 7LD), Distance : 371 ft
|
Batting: SHB Rafael Porfrio
|
0-0: Called Strike 0-1: Foul Ball, location: 2F 0-2: Ball 1-2: Fly out, F5 (Flyball, 5D)
|
Batting: SHB Allen Pandey
|
0-0: Foul Ball, location: 2F 0-1: Ball 1-1: Called Strike 1-2: Ball 2-2: SINGLE (Groundball, 34D)
|
Pitching: RHP Júlio Justiniano
|
|
Batting: RHB Phil McCroskey
|
0-0: Called Strike Allen Pandey is caught stealing 2nd base
|
Top of the 9th over - 1 run, 2 hits, 0 errors, 0 left on base; Nebraska 2 - York 1 |
BOTTOM OF THE 9TH |
York Revolution batting - Pitching for Nebraska Plainsmen : RHP Liam Thomson
|
Pitching: RHP Nick Kelley
|
|
Batting: RHB Cisco Feijoo
|
0-0: Ground out 6-3 (Groundball, 6)
|
Batting: RHB Eikki Kankaanperä
|
0-0: Ball 1-0: Ball 2-0: Called Strike 2-1: Swinging Strike 2-2: Foul Ball, location: 2F 2-2: Ball 3-2: SINGLE (Flyball, 78S)
|
Batting: LHB Gong Mao
|
0-0: Ball 1-0: Called Strike 1-1: Fly out, F9 (Flyball, 89M)
|
Batting: RHB James Deines
|
0-0: Ball 1-0: Fielders Choice at 2nd, 5-4 (Groundball, 56)
|
Bottom of the 9th over - 0 runs, 1 hit, 0 errors, 1 left on base; Nebraska 2 - York 1 |
|